 Dungeon Crawl Stone Soup version 0.20.1-1-g8b1a95d (webtiles) character file.

6393 Gargoyl the Protected (level 10, 0/88 HPs)
             Began as a Minotaur Abyssal Knight on Sept 14, 2017.
             Was a High Priest of Lugonu.
             Slain by an orc warrior
             ... wielding a +0 trident
              (21 damage)
             ... on level 9 of the Dungeon.
             The game lasted 00:15:01 (7003 turns).

Gargoyl the Protected (Minotaur Abyssal Knight)     Turns: 7003, Time: 00:15:03

Health: 0/88       AC: 22    Str: 17    XL:     10   Next: 66%
Magic:  14/14      EV: 10    Int:  9    God:    Lugonu [*****.]
Gold:   497        SH:  0    Dex: 19    Spells: 9/9 levels left

rFire    . . .     SeeInvis .   Q - +1 battleaxe (chop)
rCold    . . .     Gourm    .   (shield currently unavailable)
rNeg     . . .     Faith    .   d - +1 chain mail
rPois    .         Spirit   .   (helmet restricted)
rElec    .         Reflect  .   M - +0 cloak
rCorr    .         Harm     .   n - +2 pair of gloves
MR       .....     Clarity  +   (no boots)
Stlth    ..........             g - amulet of regeneration
Regen    0.7/turn               O - +4 ring of protection
MPRegen  0.2/turn               C - +6 ring of dexterity

@: no status effects
A: retaliatory headbutt, horns 2, clarity, wild magic 1, evolution 1
a: Depart the Abyss, Bend Space, Banish, Corrupt, Enter the Abyss, Renounce
Religion


You were on level 9 of the Dungeon.
You worshipped Lugonu.
Lugonu was extremely pleased with you.
You were not hungry.

You visited 1 branch of the dungeon, and saw 9 of its levels.
You visited the Abyss 1 time.
You also visited: Sewer.

You collected 497 gold pieces.

Inventory:

Hand Weapons
 a - a +1 hand axe
 u - a +2 flail of holy wrath
 Q - a +1 battleaxe of chopping (weapon)
Armour
 d - a +1 chain mail (worn)
 n - a +2 pair of gloves (worn)
 M - a +0 cloak (worn)
Jewellery
 g - an amulet of regeneration (around neck)
 C - a +6 ring of dexterity (right hand)
 O - a +4 ring of protection (left hand)
 P - an uncursed ring of stealth {unknown}
Wands
 o - a wand of acid (11/15)
 t - a wand of lightning (3/15)
 v - a wand of flame (24/48)
 y - a wand of scattershot (1/9)
 z - a wand of flame (20/48)
 F - a wand of acid (4/15)
 H - a wand of acid (9/15)
 I - a wand of paralysis (10/24)
 L - a wand of flame (28/48)
 N - a wand of random effects (10/48)
Scrolls
 h - a scroll of teleportation
 k - 3 scrolls of remove curse
 l - 2 scrolls of fog
 m - 5 scrolls of identify
 x - a scroll of recharging
 J - a scroll of silence
 K - 3 scrolls of fear
Potions
 b - a potion of magic
 e - 4 potions of brilliance
 i - 2 potions of cancellation
 j - a potion of mutation
 q - a potion of heal wounds
 s - 2 potions of agility
 A - 3 potions of berserk rage
 D - a potion of haste
Books
 r - a book of Misfortune

   Spells                             Type                      Level
   a - Confusing Touch                Hexes                        1
   b - Confuse                        Hexes                        3
   c - Gell's Gravitas                Translocation                3
   d - Petrify                        Transmutation/Earth          4
   e - Metabolic Englaciation         Hexes/Ice                    5
   f - Yara's Violent Unravelling     Hexes/Transmutation          5
 w - a book of Maledictions

   Spells                             Type                      Level
   a - Corona                         Hexes                        1
   b - Ensorcelled Hibernation        Hexes/Ice                    2
   c - Confuse                        Hexes                        3
   d - Tukima's Dance                 Hexes                        3
   e - Dazzling Spray                 Conjuration/Hexes            3
 E - a book of Changes

   Spells                             Type                      Level
   a - Beastly Appendage              Transmutation                1
   b - Sticks to Snakes               Transmutation                2
   c - Spider Form                    Transmutation/Poison         3
   d - Ice Form                       Ice/Transmutation            4
   e - Blade Hands                    Transmutation                5
Comestibles
 c - 7 bread rations
 f - 3 meat rations
 p - 28 fruits
 B - a royal jelly
 G - 4 chunks of flesh


   Skills:
 + Level 7.8 Fighting
 + Level 9.9(10.3) Axes
 + Level 4.7(7.9) Maces & Flails
 * Level 11.7 Armour
 + Level 3.5 Dodging
 * Level 6.9 Invocations


You had 9 spell levels left.
You didn't know any spells.

Dungeon Overview and Level Annotations

Branches:
Dungeon (9/15)             Temple (0/1) D:4
   Lair: D:8-11         Orc: D:9-12

Altars:
Dithmenos
Gozag
Kikubaaqudgha
Makhleb
Okawaru
Sif Muna
Trog
Uskayaw
Zin


Innate Abilities, Weirdness & Mutations

You reflexively headbutt those who attack you in melee.
You have a pair of horns on your head.
You possess an exceptional clarity of mind.
Your spells are a little harder to cast, but a little more powerful.
You evolve.


Message History

The orc knight is almost dead.
Your chain mail prevents you from hitting the orc.
The orc hits you but does no damage. The orc warrior barely misses you.
Unknown command.
You closely miss the orc knight.
The orc knight is almost dead.
You hit the orc. The orc barely misses you.
The orc warrior hits you but does no damage.
The orc knight hits you with an enchanted battleaxe!
* * * LOW HITPOINT WARNING * * *
The orc hits you but does no damage.
An orc comes into view. It is wielding a mace.
You closely miss the orc knight. Your headbutt misses the orc knight.
The orc knight is almost dead.
You hit the orc but do no damage. You barely miss the orc.
The orc barely misses you. You furiously retaliate!
You headbutt the orc!
You kill the orc!
Lugonu accepts your kill.
The orc warrior hits you from afar with a trident!!
You die...

,,,,,,,,,,,,,,,,,,,,,,,,,,,,,,,,*
≈≈≈≈≈≈≈≈≈≈≈≈≈≈≈≈≈≈≈≈≈≈≈≈≈≈≈≈,,,,*
≈≈≈≈≈≈≈≈≈≈≈≈≈≈≈≈≈≈≈≈≈≈≈≈≈≈≈≈,,,,*
≈≈≈≈≈≈≈≈≈≈≈≈≈≈≈≈≈≈≈≈≈*****≈≈,,,,*
,,,,,,,,,,,,,,,,,,,,,*,,,*≈≈,,,,*
*****************#####,,,*≈≈,,,,*
*,,,**,?,*,,,,+....#+***≈≈,,,,*
*****,,,,########)...#,*,≈≈≈,,,,*
,,,,*,,,,#..o.o.@oo..#,*,≈≈≈,,,,*
,,,,,,≈≈,.......o#''##,*,≈≈≈,,,,*
,,,,,,≈≈,.......)#,o.o.*,≈≈≈,,,,*
,,,,*,,,,#......(#,,...#,≈≈≈,,,,*
################'#***#.#,≈≈≈,,,,*
.†).())..'.......#,,,*,#,≈≈≈,,,,*
....#.[..#.....^.#,*,,,*,≈≈≈,,,,*
....#....#.......#,,,*+***≈≈,,,,*
#####''''#########****,,,*≈≈,,,,*


You could see an orc knight, an orc warrior and 5 orcs.

Vanquished Creatures
  2 two-headed ogres
  The ghost of prototypeXXsupercool the Archer, a novice CeHu (D:5)
  Pikel (D:5)
  A troll (D:9)
  Grinder (D:3)
  Sigmund (D:4)
  A wyvern (D:9)
  A hungry ghost (D:8)
  4 wargs (D:9)
  An acid dragon (D:9)
  Purgy (Sewer)
  A hornet zombie (D:7)
  2 orc warriors (D:9)
  A slave (D:5)
  6 ogres
  A centaur (D:6)
  A big kobold (D:9)
  Blork the orc (D:5)
  5 bullfrogs
  2 scorpions
  A water moccasin skeleton (D:9)
  4 killer bees (D:7)
  5 crimson imps
  A bullfrog zombie (D:7)
  3 hounds
  2 jellies
  2 orc priests
  4 orc wizards
  A bullfrog skeleton (D:3)
  2 iguanas
  12 worker ants
  A hound zombie (D:9)
  A worker ant zombie (D:8)
  4 gnolls (D:5)
  11 adders
  A shadow imp (D:8)
  An adder skeleton (D:4)
  2 adder zombies
  2 worms
  2 dart slugs
  7 leopard geckos
  25 orcs
  2 ball pythons
  8 bats
  10 giant cockroaches
  9 hobgoblins
  14 jackals
  8 kobolds
  A quokka (D:2)
  7 frilled lizards
  13 goblins
  2 jackal skeletons
  A jackal zombie (D:6)
  A leopard gecko zombie (D:7)
  A quokka skeleton (D:4)
  A quokka zombie (D:5)
  6 rats
213 creatures vanquished.

Vanquished Creatures (others)
  2 slaves (D:5)
  2 orcs
4 creatures vanquished.

Grand Total: 217 creatures vanquished

Notes
Turn   | Place    | Note
-------+----------+-------------------------------------------
     0 | Abyss:1  | Gargoyl the Minotaur Abyssal Knight began the quest for the Orb.
     0 | Abyss:1  | Reached XP level 1. HP: 19/19 MP: 1/1
    16 | Abyss:2  | Noticed a small abomination
    31 | Abyss:2  | Noticed a chaos spawn
    33 | D:1      | Escaped the Abyss
    83 | D:1      | Reached * piety under Lugonu
   134 | D:1      | Reached XP level 2. HP: 27/27 MP: 2/2
   645 | D:2      | Reached XP level 3. HP: 27/33 MP: 3/3
   961 | D:2      | Found a burning altar of Makhleb.
   971 | D:2      | Reached skill level 3 in Armour
   971 | D:2      | Reached XP level 4. HP: 37/41 MP: 4/4
  1321 | D:2      | Found a bloodstained altar of Trog.
  1356 | D:2      | Reached ** piety under Lugonu
  1599 | D:3      | Noticed Grinder
  1600 | D:3      | Noticed an ogre
  1631 | D:3      | Paralysed by Grinder for 3 turns
  1645 | D:3      | Killed an ogre
  1645 | D:3      | Reached skill level 4 in Armour
  1645 | D:3      | Reached XP level 5. HP: 21/47 MP: 6/6
  1743 | D:3      | Paralysed by Grinder for 7 turns
  1762 | D:3      | Killed Grinder
  1762 | D:3      | Reached skill level 5 in Fighting
  1762 | D:3      | Reached skill level 5 in Axes
  1762 | D:3      | Reached skill level 5 in Armour
  1762 | D:3      | Reached XP level 6. HP: 40/56 MP: 7/7
  2246 | D:4      | Gained mutation: You evolve. [potion of mutation]
  2246 | D:4      | Gained mutation: You possess an exceptional clarity of mind. [potion of mutation]
  2294 | D:4      | Found a staircase to the Ecumenical Temple.
  2305 | D:4      | Found an ancient bone altar of Kikubaaqudgha.
  2343 | D:4      | Noticed Sigmund
  2356 | D:4      | Killed Sigmund
  2356 | D:4      | Reached XP level 7. HP: 48/61 MP: 8/8
  2661 | D:4      | Found a deep blue altar of Sif Muna.
  3224 | D:5      | Entered Level 5 of the Dungeon
  3316 | D:5      | Reached skill level 6 in Armour
  3317 | D:5      | Noticed Blork the orc
  3329 | D:5      | Killed Blork the orc
  3346 | D:5      | Noticed prototypeXXsupercool's ghost (novice CeHu)
  3397 | D:5      | Killed prototypeXXsupercool's ghost
  3397 | D:5      | Reached skill level 7 in Armour
  3397 | D:5      | Reached XP level 8. HP: 66/70 MP: 10/10
  3422 | D:5      | Noticed Pikel
  3455 | D:5      | Killed Pikel
  3455 | D:5      | Reached *** piety under Lugonu
  3455 | D:5      | Reached skill level 8 in Armour
  3562 | D:5      | Reached skill level 5 in Invocations
  3642 | D:5      | Reached XP level 9. HP: 57/78 MP: 11/11
  4041 | D:6      | Reached skill level 9 in Armour
  4585 | D:6      | Found a glowing drain.
  4595 | Sewer    | Entered a sewer
  4599 | Sewer    | Reached **** piety under Lugonu
  4625 | Sewer    | Noticed Purgy
  4638 | Sewer    | Killed Purgy
  5269 | D:7      | Gained mutation: Your spells are a little harder to cast, but a little more powerful. [evolution]
  5401 | D:7      | Reached skill level 10 in Armour
  5655 | D:7      | Found a shadowy altar of Dithmenos.
  5705 | D:8      | Noticed a dagger
  5706 | D:8      | Found a hide-covered altar of Uskayaw.
  5707 | D:8      | Noticed a hand axe
  5808 | D:8      | Noticed a two-headed ogre
  5821 | D:8      | Killed a two-headed ogre
  5821 | D:8      | Reached XP level 10. HP: 44/86 MP: 13/13
  6125 | D:8      | Found an opulent altar of Gozag.
  6270 | D:9      | Reached skill level 11 in Armour
  6271 | D:9      | Found an iron altar of Okawaru.
  6271 | D:9      | Found a glowing silver altar of Zin.
  6274 | D:9      | Reached skill level 1 in Maces & Flails
  6356 | D:9      | Noticed a two-headed ogre
  6369 | D:9      | Killed a two-headed ogre
  6417 | D:9      | Reached ***** piety under Lugonu
  6989 | D:9      | Noticed an orc sorcerer
  6993 | D:9      | Noticed an orc knight
  7003 | D:9      | Slain by an orc warrior

Skill      XL: |  1  2  3  4  5  6  7  8  9 10 |
---------------+-------------------------------+-----
Invocations    | 2 3 4 5 6 |  6.9
Fighting       | 4 5 6 7 |  7.8
Axes           | 3 4 5 7 9 |  9.9
Armour         | 3 4 5 7 8 10 11 | 11.7
Dodging        | 2 3 |  3.5
Maces & Flails | 4 |  4.7

Action                   |  1- 3 |  4- 6 |  7- 9 | 10-12 || total
-------------------------+-------+-------+-------+-------++-------
Melee: Hand axe          |    85 |   131 |   413 |    38 ||   667
       Headbutt          |     4 |    16 |    88 |    36 ||   144
       Flail             |       |       |       |   101 ||   101
       Battleaxe         |       |       |       |    12 ||    12
Invok: Depart the Abyss  |     1 |       |       |       ||     1
Evoke: Wand              |       |       |     1 |       ||     1
  Use: Scroll            |     8 |     3 |     7 |     3 ||    21
       Potion            |       |     5 |       |       ||     5
  Eat: Chunk             |       |     5 |     6 |     4 ||    15
       Bread ration      |       |       |     2 |       ||     2
Armor: Chain mail        |    52 |    97 |   277 |   120 ||   546
Dodge: Dodged            |    32 |    48 |   183 |   122 ||   385
